 Dungeon Crawl Stone Soup version 0.31.0-4-g52a2dc7128 (webtiles) character file.

Game seed: 6882314163842543109

7459 croobank the Covert (level 11, -6/72 HPs)
             Began as an Octopode Summoner on Jan 21, 2024.
             Was an Initiate of Gozag.
             Mangled by a troll (16 damage)
             ... on level 10 of the Dungeon.
             The game lasted 00:30:00 (11055 turns).

croobank the Covert (Octopode Summoner)            Turns: 11055, Time: 00:30:01

Health: -6/72      AC:  1    Str:  9    XL:     11   Next: 15%
Magic:  17/20      EV: 15    Int: 22    God:    Gozag
Gold:   882        SH:  0    Dex: 13    Spells: 8/22 levels left

rFire   . . .        b - +8 sling "Jojach" {heavy, rN+ Str+2}
rCold   . . .        (no shield)
rNeg    + + .        (helmet restricted)
rPois   .            A - amulet of regeneration
rElec   .            l - ring of wizardry
rCorr   .            p - ring of positive energy
SInv    .            r - ring of wizardry
Will    +....        u - ring of willpower
Stlth   +++++        (no ring)
HPRegen 1.12/turn    (no ring)
MPRegen 0.17/turn    (no ring)
                     (no ring)

%: wizardry (x2)
@: hasted, very quick
A: almost no armour, amphibious, 8 rings, camouflage 1, gelatinous body 1,
(nimble swimmer 1), tentacles
a: Renounce Religion, Potion Petition, Call Merchant, Bribe Branch


You were on level 10 of the Dungeon.
You worshipped Gozag.
Gozag was pleased with you.
You visited 2 branches of the dungeon, and saw 11 of its levels.

You collected 1396 gold pieces.
You spent 475 gold pieces at shops.
You paid 39 gold pieces to Gozag.

Inventory:

Hand Weapons
 a - a +2 dagger of protection
 b - the +8 sling "Jojach" (weapon) {heavy, rN+ Str+2}
   (You found it on level 9 of the Dungeon)

   Str+2:     It affects your strength (+2).
   rN+:       It protects you from negative energy.
 h - a +2 war axe of freezing
 j - a +0 broad axe
 k - a +0 dagger of speed
 y - a +3 long sword
 z - a +5 scimitar of freezing
 C - a +2 short sword of electrocution
 D - a +2 dagger of electrocution
Missiles
 i - 9 silver javelins
 B - 3 curare-tipped darts
 J - 2 atropa-tipped darts
Magical Staves
 F - a staff of conjuration
Jewellery
 l - a ring of wizardry (left tentacle)
 o - a ring of fire
 p - a ring of positive energy (right tentacle)
 r - a ring of wizardry (on tentacle)
 u - a ring of willpower (on tentacle)
 A - an amulet of regeneration (around mantle)
Wands
 s - a wand of polymorph (7)
 x - a wand of light (8)
 H - a wand of charming (7)
 L - a wand of flame (25)
 M - a wand of roots (13)
Scrolls
 c - 3 scrolls of poison
 d - a scroll of identify
 f - 2 scrolls of teleportation
 w - a scroll of amnesia
 E - a scroll of fog {unknown}
 G - a scroll of immolation
 I - 3 scrolls of vulnerability
 N - a scroll of enchant weapon
Potions
 e - 2 potions of magic
 g - a potion of invisibility
 m - a potion of attraction
 n - 3 potions of lignification
 q - a potion of brilliance
 t - 2 potions of cancellation
 v - 2 potions of curing
 K - 2 potions of haste


   Skills:
 + Level 6.2 Fighting
 + Level 6.9 Dodging
 + Level 9.6 Stealth
 + Level 6.1 Spellcasting
 + Level 7.6 Summonings
 - Level 5.0 Fire Magic
 - Level 7.0 Air Magic


You had 8 spell levels left.
You knew the following spells:

 Your Spells              Type           Power      Damage    Failure   Level
a - Summon Small Mammal   Summ           100%       N/A       1%          1
b - Call Imp              Summ           80%        N/A       1%          2
c - Call Canine Familiar  Summ           40%        N/A       1%          3
d - Summon Blazeheart Go  Fire/Summ      34%        N/A       1%          4
e - Summon Lightning Spi  Summ/Air       39%        N/A       1%          4

Your spell library contained the following spells:

 Spells                   Type           Power      Damage    Failure   Level
 Cigotuvi's Dreadful Rot  Necr/Alch/Air  34%        N/A       1%          2
 Mercury Vapours          Alch/Air       44%        N/A       1%          2
 Sting                    Conj/Alch      24%        1d4       2%          1
 Martyr's Knell           Necr/Summ      23%        N/A       5%          4
 Dispel Undead            Necr           6%         3d8       22%         4
 Olgreb's Toxic Radiance  Alch           6%         N/A       22%         4
 Death Channel            Necr           3%         N/A       96%         6
 Sculpt Simulacrum        Ice/Alch       3%         N/A       96%         6
 Spellforged Servitor     Conj/Summ      11%        N/A       97%         7
 Orb of Destruction       Conj           3%         9d5       100%        7
 Ozocubu's Refrigeration  Ice            3%         4d8       100%        7
 Polar Vortex             Ice            3%         N/A       100%        9


Dungeon Overview and Level Annotations

Branches:
Dungeon (10/15)            Temple (1/1) D:4
   Lair: D:8-11         Orc: D:9-12

Altars:
Ashenzari
Cheibriados
Dithmenos
Elyvilon
Fedhas
Gozag
Hepliaklqana
Kikubaaqudgha
Makhleb
Nemelex Xobeh
Okawaru
Qazlal
Ru
Sif Muna
Trog
Uskayaw
Vehumet
Wu Jian
Xom
Yredelemnul
Zin
The Shining One

Shops:
D:1 !   D:6 !   D:9 (


Innate Abilities, Weirdness & Mutations

You cannot wear most types of armour.
You are amphibious.
You can wear up to eight rings at the same time.
Your skin changes colour to match your surroundings (Stealth+).
Your rubbery body absorbs attacks. (AC +1, EV +1)
((You are camouflaged when in or above water. (Stealth+)))
You have tentacles for arms and can constrict up to eight enemies at once.


Message History

Okay, then.
Fire: b) +8 sling "Jojach" {heavy, rN+ Str+2}
Press: ? - help, Q - select action, (/) - cycle Shift-Dir - straight line, f - wyvern
Aim: a wyvern (wandering, hasn't noticed you, 67% to hit)
You shoot a sling bullet.
The sling bullet barely misses the wyvern.
The wyvern hisses angrily.
Fire: b) +8 sling "Jojach" {heavy, rN+ Str+2}
Press: ? - help, Q - select action, (/) - cycle Shift-Dir - straight line, f/p - wyvern
Aim: a wyvern (67% to hit)
You shoot a sling bullet. The sling bullet hits the wyvern!
The wyvern is moderately wounded.
A troll comes into view.
Casting: Call Canine Familiar (safe; 1% risk of failure)
Confirm with . or Enter, or press ? or * to list all spells.
A fiery spirit appears, bound in slag iron.
The troll shouts!
An orc comes into view. It is wielding a +0 mace.
The wyvern barely misses you.
Fire: b) +8 sling "Jojach" {heavy, rN+ Str+2}
Press: ? - help, Q - select action, (/) - cycle Shift-Dir - straight line, f/p - wyvern
Aim: a wyvern (moderately wounded, ally target, 67% to hit)
You shoot a sling bullet. The sling bullet hits the wyvern!
The wyvern is severely wounded.
The wyvern misses you. x2
Your blazeheart golem barely misses the wyvern.
The wyvern bites you!!
Fire: b) +8 sling "Jojach" {heavy, rN+ Str+2}
Press: ? - help, Q - select action, (/) - cycle Shift-Dir - straight line, f/p - wyvern
Aim: a wyvern (severely wounded, ally target, 67% to hit)
You shoot a sling bullet. The sling bullet hits the wyvern.
The wyvern is almost dead.
Your blazeheart golem's core grows cold and it stops moving.
The wyvern bites you! x3
* * * LOW HITPOINT WARNING * * *
You feel better. The wyvern bites you!
* * * LOW HITPOINT WARNING * * *
You feel yourself speed up. The wyvern barely misses you. The troll bites you!
You die...
Your body crumbles into a pile of gold. .. .. ..... .PPP

P.....
♣.P.♣♣P...#
.P.P.P..#
.. ..o....#
.. ..9..
####. #kT#
.....##@##
..#......#
.......#.#
.........#
PP...P...#
#..
##.♣.♣..##
#..P#
##.....#
..P#
+.....##
...##
#......#


You could see a troll, a wyvern (ally target), an orc and a friendly blazeheart
golem (summoned, paralysed).

Vanquished Creatures
  Pikel (D:9)
  Maurice (D:9)
  Maggie (D:6)
  Jeremiah (D:8)
  2 trolls (D:9)
  A wraith (D:9)
  2 yaks (D:9)
  An acid dragon (D:9)
  A sky beast (D:8)
  An ice beast (D:7)
  2 centaurs
  2 lemures (D:9)
  3 phantoms
  A kobold brigand (D:7)
  5 bullfrogs
  2 scorpions (D:5)
  3 wights
  4 killer bees (D:9)
  2 howler monkeys (D:9)
  3 hounds
  A jelly (D:6)
  A bombardier beetle (D:4)
  A gnoll bouda (D:9)
  An orc priest (D:5)
  2 iguanas
  4 orc wizards
  7 gnolls
  An adder (D:5)
  2 shadow imps
  2 ufetubi (D:5)
  2 dart slugs
  19 orcs
  An endoplasm (D:2)
  4 giant cockroaches
  5 hobgoblins
  6 kobolds
  2 quokkas
  4 ball pythons
  2 bats (D:3)
  A frilled lizard (D:1)
  6 goblins
  4 rats
117 creatures vanquished.

Vanquished Creatures (collateral kills)
  Psyche (D:9)
  A hornet (D:8)
  A wyvern (D:8)
  4 yaks (D:9)
  A steam dragon (D:7)
  2 black bears
  A centaur (D:5)
  A lemure (D:9)
  3 phantoms
  2 bullfrogs
  6 wights
  5 killer bees (D:9)
  A jelly (D:8)
  A howler monkey (D:9)
  A bombardier beetle (D:6)
  2 hounds
  3 orc priests
  A gnoll bouda (D:4)
  A sleepcap (D:7)
  4 iguanas
  6 orc wizards
  5 gnolls
  2 adders
  A dart slug (D:2)
  3 ribbon worms
  13 orcs
  A bat (D:1)
  2 endoplasms
  4 goblins
  7 hobgoblins
  8 jackals
  A quokka (D:1)
  4 ball pythons
  A frilled lizard (D:2)
  10 kobolds
  6 rats
116 creatures vanquished.

Vanquished Creatures (others)
  16 blazeheart cores
16 creatures vanquished.

Grand Total: 249 creatures vanquished

Notes
Turn   | Place    | Note
-------+----------+-------------------------------------------
     0 | D:1      | croobank the Octopode Summoner began the quest for the Orb.
     0 | D:1      | Reached XP level 1. HP: 11/11 MP: 3/3
    18 | D:1      | Found Naraps's Distillery.
    75 | D:1      | Bought a potion of degeneration for 10 gold pieces
   165 | D:1      | Reached skill level 3 in Stealth
   165 | D:1      | Reached XP level 2. HP: 13/17 MP: 3/5
   169 | D:1      | Learned a level 2 spell: Call Imp
   694 | D:1      | Reached XP level 3. HP: 13/21 MP: 2/6
  1499 | D:2      | Reached XP level 4. HP: 27/27 MP: 3/7
  1512 | D:2      | Reached skill level 1 in Fighting
  1514 | D:2      | Reached skill level 4 in Stealth
  1577 | D:2      | Learned a level 3 spell: Call Canine Familiar
  2356 | D:3      | Reached XP level 5. HP: 33/33 MP: 5/9
  3361 | D:4      | Noticed a phantom
  3382 | D:4      | Killed a phantom
  3383 | D:4      | Reached XP level 6. HP: 37/39 MP: 4/10
  3388 | D:4      | Learned a level 4 spell: Summon Blazeheart Golem
  3788 | D:4      | Reached skill level 5 in Stealth
  3959 | D:4      | Found a staircase to the Ecumenical Temple.
  3995 | Temple   | Entered the Ecumenical Temple
  4007 | Temple   | Became a worshipper of Gozag Ym Sagoz the Greedy
  4236 | D:4      | Reached skill level 5 in Summonings
  4236 | D:4      | Reached skill level 1 in Fire Magic
  4236 | D:4      | Reached XP level 7. HP: 40/45 MP: 7/12
  4568 | D:5      | Entered Level 5 of the Dungeon
  4799 | D:5      | Reached skill level 6 in Stealth
  4799 | D:5      | Reached XP level 8. HP: 46/52 MP: 13/13
  5391 | D:5      | Learned a level 4 spell: Summon Lightning Spire
  5593 | D:6      | Found a shimmering altar of Xom.
  5973 | D:6      | Reached skill level 1 in Air Magic
  6347 | D:6      | Noticed Maggie
  6359 | D:6      | Killed Maggie
  6360 | D:6      | Reached skill level 7 in Stealth
  6360 | D:6      | Reached XP level 9. HP: 34/58 MP: 8/15
  6467 | D:6      | Reached skill level 5 in Dodging
  6532 | D:6      | Found Osiecoru's Distillery.
  6738 | D:6      | Bought a potion of invisibility for 120 gold pieces
  6738 | D:6      | Bought a potion of curing for 45 gold pieces
  6738 | D:6      | Bought a potion of heal wounds for 75 gold pieces
  6738 | D:6      | Bought a potion of heal wounds for 75 gold pieces
  6738 | D:6      | Bought a potion of haste for 150 gold pieces
  6973 | D:7      | Reached skill level 5 in Fire Magic
  7693 | D:7      | Reached skill level 5 in Spellcasting
  8071 | D:7      | Reached skill level 8 in Stealth
  8217 | D:8      | Reached XP level 10. HP: 63/65 MP: 3/17
  8357 | D:8      | Reached skill level 5 in Fighting
  8502 | D:8      | Noticed Jeremiah
  8562 | D:8      | Reached skill level 5 in Air Magic
  8579 | D:8      | Killed Jeremiah
  9071 | D:8      | Found a broken altar of Ashenzari.
  9071 | D:8      | Found a sparkling altar of Nemelex Xobeh.
  9283 | D:9      | Found Zydius's Antique Weapon Boutique.
  9464 | D:9      | Reached skill level 9 in Stealth
  9680 | D:9      | Identified the +8 sling "Jojach" {heavy, rN+ Str+2}
  9690 | D:9      | Noticed Psyche
  9696 | D:9      | Killed Psyche
  9824 | D:9      | Noticed Pikel
  9831 | D:9      | Killed Pikel
  9832 | D:9      | Reached XP level 11. HP: 72/72 MP: 15/20
 10240 | D:9      | Noticed Maurice
 10278 | D:9      | Something stole 9 silver javelins
 10278 | D:9      | Something stole 393 gold
 10278 | D:9      | Something stole a +5 scimitar of freezing
 10279 | D:9      | Something stole a ring of fire
 10280 | D:9      | Something stole 404 gold
 10287 | D:9      | Killed Maurice
 10756 | D:10     | Entered Level 10 of the Dungeon
 11055 | D:10     | Mangled by a troll

Illustrated notes

Levels and vault maps discovered:
D:1:      elethiomel_arrival_maze, layout_basic, serial_shops,
          nicolae_shop_industrial_runoff, minmay_split_cup_large
D:2:      layout_loops_cross
D:3:      layout_basic
D:4:      layout_loops_corners, minmay_temple_entry_junction
D:5:      layout_basic, grunt_ministairs_1, nicolae_hexahallways
D:6:      layout_loops_corners, mainiacjoe_overflow_cross_hatched, serial_shops,
          shop, dk_noncrumbling_3, uniq_maggie
D:7:      layout_loops_corners, kennysheep_generic_room_9
D:8:      layout_basic, nicolae_overflow_hidden_temple, uniq_jeremiah
D:9:      layout_irregular_city, serial_shops, shop, uniq_pikel, uniq_psyche,
          uniq_maurice
D:10:     layout_cave_pods, david_orc_1_choice, serial_park, serial_park_gazebo
          [serial_park_minivault_5x5_7], serial_park_square1
          [serial_park_minivault_5x5_7], serial_park_avenue1
Temple:   nicolae_temple_bog_church

Skill      XL: |  1  2  3  4  5  6  7  8  9 10 11 |
---------------+----------------------------------+-----
Stealth        | 3 4 5 6 7 8 9 |  9.6
Fighting       | 1 2 3 4 6 |  6.2
Dodging        | 3 4 5 6 |  6.9
Spellcasting   | 3 4 5 6 |  6.1
Summonings     | 5 6 7 |  7.6
Fire Magic     | 1 3 4 5 |  5.0
Air Magic      | 2 4 6 7 |  7.0

Action                     |  1- 3 |  4- 6 |  7- 9 | 10-12 || total
---------------------------+-------+-------+-------+-------++-------
  Melee: Unarmed           |    25 |       |       |       ||    25
         Tentacles         |    11 |    15 |    41 |     7 ||    74
         Constrict         |    15 |    19 |    26 |     2 ||    62
         Dagger            |    20 |    85 |   162 |    23 ||   290
         Punch             |     1 |       |     1 |     1 ||     3
   Fire: Sling             |       |       |       |    41 ||    41
  Throw: Dart              |       |       |       |     3 ||     3
   Cast: Summon Small Mamm |    25 |    33 |    14 |     1 ||    73
         Call Imp          |    11 |    18 |    15 |     1 ||    45
         Call Canine Famil |       |    12 |    13 |     3 ||    28
         Summon Blazeheart |       |       |    12 |    20 ||    32
         Summon Lightning  |       |       |     2 |     6 ||     8
    Use: Scroll            |       |    11 |     7 |     1 ||    19
         Potion            |       |       |     2 |     6 ||     8
   Stab: Sleeping          |     5 |    10 |    20 |     5 ||    40
 Armour: Skin              |    24 |    33 |    92 |    56 ||   205
  Dodge: Dodged            |    22 |    56 |   113 |    42 ||   233
